Map: Oxide LE

Players

Serral

  • Race: Zerg Zerg

maru - Winner!

  • Race: Terran Terran

Event: ASUS ROG Fall 2021

VOD

Have the link to the VOD?

Description

Time

  • Played on: Sept. 19, 2021, 11:24 a.m.
  • Length: 15:04

All games in this series

Show
View Real Time Build Order
Export as new Build Order

Serral Zerg 

Build Orders: Hatch First 

Get SALT Encoding   

  12  0:00  Drone  
  13  0:12  Overlord  
  13  0:17  Drone  
  14  0:30  Drone x2  
  16  0:47  Hatchery  
  15  0:51  Drone  
  15  0:54  Drone  
  17  0:57  Drone  
  18  1:07  Extractor  
  17  1:12  Spawning Pool  
  17  1:15  Drone  
  17  1:19  Drone  
  18  1:28  Drone  
  19  1:38  Drone  
  20  1:50  Drone  
  21  1:59  Queen x2  
  21  2:00  Zergling x2  
  21  2:01  Zergling x2  
  27  2:11  Drone, Overlord  
  28  2:22  Hatchery  
  27  2:27  Drone  
  28  2:33  Drone  
  28  2:34  Drone  
  30  2:40  Metabolic Boost  
  30  2:41  Drone  
  31  2:45  Queen  
  31  2:50  Overlord  
  33  2:53  Drone  
  33  2:55  Drone  
  33  2:57  Drone  
  36  3:03  Overlord  
  36  3:11  Drone x4  
  40  3:16  Queen  
  42  3:20  Drone x2  
  42  3:26  Queen  
  46  3:28  Drone  
  46  3:29  Drone  
  48  3:35  Queen  
  48  3:38  Drone  
  51  3:41  Overlord  
  51  3:43  Drone x2  
  51  3:46  Drone x2  
  55  3:50  Drone  
  55  3:51  Overlord  
  56  3:56  Queen  
  56  3:59  Overlord  
  56  4:02  Drone x2  
  60  4:05  Overlord  
  60  4:07  Drone  
  60  4:08  Drone  
  62  4:13  Queen  
  62  4:16  Queen  
  66  4:19  Overlord  
  66  4:21  Drone x2  
  68  4:25  Drone x3  
  68  4:28  Drone x2  
  68  4:31  Overlord  
  73  4:35  Zergling x8  
  77  4:39  Baneling Nest  
  77  4:45  Lair, Zergling x4  
  76  4:46  Zergling x2, Extractor  
  76  4:52  Drone x4  
  82  4:55  Queen  
  82  4:58  Extractor x2  
  82  5:00  Zergling x4  
  82  5:02  Drone x2, Overlord  
  86  5:08  Zergling x4  
  86  5:12  Overlord  
  88  5:20  Zergling x4  
  90  5:22  Spore Crawler  
  90  5:26  Drone x6  
  90  5:27  Drone  
  96  5:33  Overlord  
  96  5:34  Drone  
  97  5:38  Hatchery  
  97  5:39  Evolution Chamber  
  97  5:40  Evolution Chamber, Overlord  
  94  5:44  Zergling x8  
  94  5:46  Baneling x6  
  94  5:48  Centrifical Hooks  
  98  5:51  Drone x2  
  98  5:53  Overseer  
  98  5:54  Overseer  
  98  5:56  Hatchery  
  98  5:57  Zergling x2  
  100  6:01  Zergling x4  
  100  6:02  Zergling x6  
  105  6:05  Overseer  
  103  6:13  Zergling x2  
  103  6:14  Zergling x12  
  101  6:21  Zergling x2  
  101  6:22  Queen x3  
  103  6:29  Zergling x4  
  103  6:30  Zergling x8  
  103  6:32  Baneling x6  
  108  6:36  Zerg Melee Weapons Level 1  
  108  6:37  Zerg Ground Armor Level 1  
  108  6:44  Drone  
  108  6:45  Hatchery  
  108  6:47  Zergling x6  
  111  6:53  Baneling  
  111  6:56  Zergling x6  
  111  6:57  Zergling x10  
  119  7:01  Overlord  
  119  7:05  Overseer  
  119  7:07  Baneling x6  
  119  7:08  Drone x2  
  120  7:10  Queen, Drone x3  
  120  7:15  Burrow, Pneumatized Carapace  
  125  7:19  Drone x2  
  127  7:26  Baneling x6  
  127  7:27  Baneling x2  
  127  7:30  Drone x4  
  127  7:32  Zergling x12  
  135  7:37  Zergling x10  
  135  7:40  Overlord  
  136  7:52  Overlord  
  136  7:53  Spore Crawler, Drone  
  136  7:57  Overlord  
  136  8:00  Queen  
  138  8:06  Hatchery  
  138  8:10  Zergling x20  
  130  8:20  Zergling x8  
  117  8:29  Zergling x22  
  117  8:31  Baneling x6  
  117  8:32  Baneling x6  
  124  8:34  Drone x2  
  124  8:36  Zergling x6, Zerg Melee Weapons Level 2  
  124  8:38  Zerg Ground Armor Level 2  
  129  8:44  Zergling x8  
  133  8:49  Baneling x3  
  133  8:50  Zergling x4  
  135  8:57  Zergling x8  
  134  9:07  Zergling x14  
  114  9:16  Zergling x2  
  114  9:17  Zergling x8  
  112  9:20  Queen, Baneling x6  
  112  9:21  Queen x4  
  112  9:23  Zergling x4  
  122  9:27  Zergling x8  
  118  9:33  Baneling x6  
  116  9:39  Zergling x18  
  116  9:43  Zergling x6  
  128  9:52  Zergling x16  
  121  9:56  Queen  
  121  9:57  Zergling x12  
  112  10:02  Zergling x4  
  106  10:08  Zergling x8  
  103  10:14  Baneling x4  
  103  10:15  Baneling x6  
  103  10:20  Zergling x10  
  106  10:23  Baneling x2  
  106  10:24  Baneling x2  
  104  10:28  Zergling x6  
  104  10:30  Baneling Nest  
  104  10:32  Zergling x4  
  100  10:37  Zergling x4  
  100  10:38  Queen  
  104  10:44  Zergling x14  
  111  10:53  Baneling x2  
  111  10:57  Zergling x8  
  111  10:58  Zergling x12  
  113  11:15  Zergling x2  
  113  11:16  Zergling x18  
  120  11:27  Baneling x4  
  120  11:32  Zergling x18  
  121  11:34  Hatchery  
  121  11:39  Baneling x9  
  120  11:41  Zergling x4  
  120  11:42  Zergling x2  
  120  11:44  Baneling x4  
  123  11:52  Zergling x12  
  126  11:54  Zergling x4  
  126  11:59  Baneling  
  126  12:00  Baneling x7  
  122  12:02  Zergling x6  
  119  12:14  Zergling x22  
  121  12:27  Baneling x6  
  121  12:28  Drone x9  
  126  12:35  Zergling x2  
  126  12:36  Zergling x12  
  120  12:43  Infestation Pit  
  117  12:47  Zergling x2  
  117  12:48  Zergling x14  
  125  12:56  Zergling x10  
  125  12:57  Zergling x4  
  129  13:02  Overlord  
  129  13:10  Drone  
  130  13:18  Hatchery  
  130  13:19  Zergling x22, Baneling x3  
  139  13:20  Baneling x3  
  139  13:21  Baneling  
  139  13:22  Baneling x2  
  139  13:26  Baneling  
  139  13:27  Hive  
  138  13:29  Drone x2  
  140  13:43  Drone  
  140  13:50  Zergling x34  
  140  13:55  Overlord x2  
  157  13:58  Overlord  
  157  14:00  Overlord  
  155  14:05  Overlord  
  154  14:13  Zergling x16  
  130  14:32  Zergling x16  
  127  14:43  Hatchery  
  112  14:45  Zergling x6  
  112  14:46  Zergling x16  
Show
View Real Time Build Order
Export as new Build Order

maru Terran - Winner!

Build Orders: Reaper Expand 

Get SALT Encoding   

  12  0:00  SCV  
  13  0:12  SCV  
  14  0:17  Supply Depot  
  14  0:24  SCV  
  15  0:38  SCV  
  15  0:40  Barracks  
  16  0:43  Refinery  
  16  0:50  SCV  
  17  1:03  SCV  
  18  1:15  SCV  
  19  1:27  Reaper, Orbital Command  
  20  1:39  Command Center  
  20  1:50  Barracks  
  20  1:54  SCV  
  21  1:59  Barracks Reactor  
  21  2:06  SCV  
  22  2:10  Supply Depot  
  22  2:15  Refinery  
  22  2:18  SCV  
  23  2:32  SCV  
  24  2:38  Marine x2, Barracks Tech Lab  
  27  2:44  SCV  
  27  2:45  Factory  
  27  2:50  Orbital Command  
  27  2:56  SCV  
  27  2:58  Marine x3  
  29  3:04  Stimpack  
  31  3:08  SCV  
  32  3:19  Marine x2  
  33  3:20  Marine, SCV  
  33  3:21  SCV  
  37  3:31  Starport, Factory Reactor  
  37  3:33  SCV  
  38  3:35  SCV  
  38  3:41  Marine x2, Supply Depot  
  40  3:43  Marine  
  40  3:45  SCV  
  40  3:48  SCV  
  44  3:57  SCV  
  44  4:00  Supply Depot, SCV  
  46  4:03  Marine x3  
  46  4:09  SCV, Supply Depot  
  50  4:12  SCV  
  50  4:14  Medivac  
  53  4:21  SCV, Medivac  
  53  4:22  Marine x3  
  59  4:25  SCV  
  60  4:33  SCV, Command Center  
  60  4:38  Supply Depot, SCV  
  62  4:44  Combat Shield  
  62  4:45  SCV  
  63  4:46  Marine x3  
  63  4:51  Supply Depot  
  66  4:53  Widow Mine  
  66  4:55  SCV  
  66  4:57  SCV  
  70  5:01  Medivac  
  70  5:06  Refinery  
  72  5:07  Refinery, SCV  
  72  5:09  SCV, Engineering Bay  
  72  5:10  Engineering Bay  
  74  5:16  Marine x2  
  74  5:17  Marine  
  74  5:18  Factory Tech Lab  
  74  5:19  SCV  
  78  5:21  SCV  
  78  5:31  SCV  
  78  5:33  Starport Reactor  
  78  5:34  Marine x2, SCV  
  82  5:38  Terran Infantry Armor Level 1, Terran Infantry Weapons Level 1  
  82  5:47  Orbital Command  
  82  5:51  Barracks, Siege Tank  
  82  5:52  Marine  
  82  5:54  Supply Depot  
  86  6:03  SCV  
  87  6:04  Marine x2  
  87  6:10  SCV  
  89  6:14  Medivac  
  89  6:15  SCV, Medivac  
  92  6:19  Orbital Command  
  92  6:23  SCV  
  83  6:28  Siege Tank  
  83  6:29  Marine x3  
  83  6:31  SCV  
  90  6:35  SCV  
  91  6:40  Barracks  
  91  6:41  Marine x2, Barracks  
  91  6:47  Marine x3  
  95  6:48  Liberator  
  95  6:50  SCV x2  
  95  6:53  Supply Depot  
  101  6:59  Marine, SCV  
  101  7:01  Marine, Siege Tank  
  106  7:02  SCV  
  106  7:03  Armory  
  108  7:12  Marine  
  108  7:15  Marine x2  
  111  7:16  Marine, Supply Depot  
  111  7:17  SCV x2  
  111  7:19  Marine, Supply Depot  
  115  7:23  Supply Depot  
  115  7:30  Marine  
  115  7:32  Barracks Reactor, Marine  
  115  7:33  Barracks Reactor  
  117  7:37  Marine x3  
  117  7:41  SCV  
  121  7:46  SCV  
  121  7:47  Marine, SCV  
  121  7:50  Marine  
  121  7:51  Medivac x2, Siege Tank  
  122  7:53  SCV  
  122  7:55  Marine x3  
  122  7:56  Supply Depot  
  129  7:59  SCV, Supply Depot  
  129  8:03  SCV  
  129  8:05  Marine  
  131  8:06  SCV  
  131  8:08  Marine  
  131  8:11  Marine x2, SCV  
  128  8:13  Marine x2  
  128  8:15  SCV  
  128  8:18  SCV  
  128  8:20  Medivac  
  128  8:21  Medivac  
  128  8:23  SCV, Siege Tank  
  128  8:26  Marine x2  
  128  8:27  SCV  
  128  8:28  Marine x3  
  128  8:29  Marine  
  128  8:30  Marine, SCV  
  134  8:35  SCV  
  134  8:38  Terran Infantry Weapons Level 2  
  134  8:39  SCV  
  136  8:42  SCV  
  136  8:44  Marine x2  
  136  8:48  Marine x4  
  142  8:51  Marine x3  
  144  8:57  Terran Infantry Armor Level 2  
  144  8:58  Supply Depot, Liberator  
  144  9:09  Marine x2  
  130  9:10  Siege Tank  
  130  9:11  Medivac  
  130  9:14  SCV  
  125  9:20  Marine x7  
  125  9:23  SCV x2  
  130  9:26  SCV  
  130  9:27  Marine x2  
  125  9:35  SCV x2  
  125  9:38  Marine x2, SCV  
  128  9:43  Widow Mine, Command Center  
  128  9:44  Medivac  
  128  9:45  Medivac  
  136  9:47  SCV  
  136  9:50  Marine x2  
  136  9:52  Marine x2  
  135  9:53  Marine x3  
  135  9:56  Marine x2  
  135  9:57  SCV  
  128  10:08  Marine  
  128  10:11  Refinery  
  128  10:12  Refinery, Factory  
  123  10:14  Medivac  
  123  10:16  Siege Tank  
  123  10:18  SCV x2  
  123  10:20  Marine x8  
  136  10:23  Medivac  
  136  10:26  Marine  
  134  10:38  Marine x4  
  134  10:41  Marine x4  
  142  10:48  Marine  
  145  10:50  Siege Tank  
  145  10:54  Supply Depot  
  145  10:55  Liberator x2  
  145  10:56  Marine x4, Factory Tech Lab  
  156  10:59  Marine  
  155  11:07  Marine x4  
  153  11:13  Marine  
  153  11:14  Marine x3  
  153  11:16  Marine  
  153  11:17  SCV x2, Supply Depot  
  155  11:19  Siege Tank  
  155  11:22  Siege Tank  
  155  11:24  Marine  
  155  11:25  Marine x2, Marauder  
  166  11:33  Marine  
  166  11:38  Medivac x2  
  166  11:39  Planetary Fortress  
  171  11:41  Supply Depot  
  171  11:42  Supply Depot, Terran Vehicle Weapons Level 1  
  171  11:52  Siege Tank  
  174  11:54  Siege Tank  
  174  12:01  Marine x8, Marauder  
  159  12:18  Marine  
  159  12:19  Marine x3  
  159  12:22  Marauder  
  159  12:24  Siege Tank  
  159  12:29  Marine x4  
  156  12:34  Sensor Tower  
  156  12:36  Marine x2, Siege Tank  
  156  12:37  Marine  
  158  12:40  Marine  
  158  12:44  Marauder  
  163  12:47  Marine x2, Barracks x2  
  163  12:48  Barracks  
  163  12:50  Sensor Tower  
  165  12:54  Marine  
  165  12:58  Marine, Siege Tank  
  165  13:01  Medivac x2  
  165  13:05  Refinery x2, Marauder  
  172  13:08  Siege Tank  
  175  13:12  Marine  
  169  13:24  Marine x6  
  169  13:26  Marauder  
  173  13:29  Command Center  
  173  13:30  Siege Tank  
  176  13:35  SCV  
  176  13:36  SCV  
  176  13:40  Siege Tank  
  181  13:43  Marine x3  
  181  13:44  Marine  
  181  13:47  Marine x4  
  181  13:48  Marauder  
  191  13:49  Barracks Tech Lab x3  
  191  14:01  Marine  
  191  14:02  Marine x2  
  192  14:05  Marine  
  192  14:09  Marauder  
  196  14:14  Command Center  
  196  14:21  Marine x2  
  196  14:22  Marine, Marauder x3  
  196  14:23  Marine  
  184  14:24  Marine  
  184  14:30  Marine x3  
  184  14:31  Marauder  
  167  14:44  Marine x2  
Tags
 
Add a new tag
Caveats
  • Supply blocks, unpowered buildings, or Contaminate may cause inaccurate times.
  • Supply counts are checked every 10 seconds.